 Dungeon Crawl Stone Soup version 0.23.2-1-ga50397a (webtiles) character file.

Game seed: 14921773140957301997

242 IBeShadow the Skirmisher (level 5, -11/42 HPs)
             Began as a Demonspawn Gladiator on May 5, 2019.
             Was an Initiate of Okawaru.
             Mangled by a gnoll
             ... wielding a +0 halberd
              (13 damage)
             ... on level 4 of the Dungeon.
             The game lasted 00:06:28 (3372 turns).

IBeShadow the Skirmisher (Demonspawn Gladiator)     Turns: 3372, Time: 00:06:29

Health: -11/42     AC:  5    Str: 16    XL:     5   Next: 82%
Magic:  6/6        EV: 12    Int:  9    God:    Okawaru [......]
Gold:   229        SH:  0    Dex: 14    Spells: 4/4 levels left

rFire    . . .     SeeInvis .   j - +1 dagger (elec)
rCold    . . .     Gourm    .   (no shield)
rNeg     . . .     Faith    .   h - +2 leather armour {rPois}
rPois    +         Spirit   .   (helmet restricted)
rElec    .         Reflect  .   (no cloak)
rCorr    .         Harm     .   (no gloves)
MR       .....                  (no boots)
Stlth    +++.......             (no amulet)
HPRegen  0.14/turn              (no ring)
MPRegen  0.10/turn              (no ring)

@: no status effects
A: horns 1, nightstalker 1
a: Renounce Religion


You were on level 4 of the Dungeon.
You worshipped Okawaru.
Okawaru was noncommittal.
You were not hungry.

You visited 1 branch of the dungeon, and saw 4 of its levels.

You collected 229 gold pieces.

Inventory:

Hand Weapons
 e - a +3 hunting sling
 i - a +2 dagger of speed
 j - a +1 dagger of electrocution (weapon)
Missiles
 d - 3 throwing nets (quivered)
Armour
 b - a +0 leather armour
 c - a +0 helmet
 h - a +2 leather armour of poison resistance (worn)
 v - a +0 scale mail
Jewellery
 x - an uncursed amulet of harm {unknown}
Wands
 s - a wand of disintegration (12)
Scrolls
 a - 2 scrolls of identify {unknown}
 g - a scroll of magic mapping {unknown}
 k - 2 scrolls of remove curse {unknown}
 m - 4 scrolls of teleportation {unknown}
 o - a scroll of enchant weapon {unknown}
 p - a scroll of amnesia {unknown}
Potions
 l - a potion of lignification {unknown}
 n - 2 potions of curing {unknown}
 q - a potion of flight {unknown}
 r - a potion of cancellation {unknown}
 t - 2 potions of heal wounds {unknown}
 u - a potion of degeneration {unknown}
Comestibles
 f - 6 rations


   Skills:
 * Level 4.0 Fighting
 + Level 3.8 Short Blades
 - Level 1.0(1.5) Slings
 - Level 1.7(1.9) Throwing
 - Level 2.6 Dodging
 + Level 2.1 Stealth
 + Level 2.4 Invocations


You had 4 spell levels left.
You didn't know any spells.
Your spell library was empty.

Dungeon Overview and Level Annotations

Branches:
Dungeon (4/15)
 Temple: D:4-7

Altars:
Okawaru


Innate Abilities, Weirdness & Mutations

You have a pair of small horns on your head.
You are slightly more attuned to the shadows.


Message History

You barely miss the gnoll. You hit the gnoll but do no damage.
The gnoll hits you with a +0 halberd!
The gnoll hits you from afar with a +0 halberd.
You are too injured to fight recklessly!
You are too injured to fight recklessly!
The gnoll misses you.
Press: ? - help, v - describe, . - travel The floor.
The gnoll hits you with a +0 halberd!
* * * LOW HITPOINT WARNING * * *
The gnoll hits you from afar with a +0 halberd!
* * * LOW HITPOINT WARNING * * *
You hit the gnoll. Your headbutt misses the gnoll.
The gnoll is lightly wounded.
Okay, then.
You hit the gnoll but do no damage.
The gnoll is lightly wounded.
The gnoll barely misses you.
The gnoll hits you from afar with a +0 halberd!
You die...

....##### ##.
.........###...
#...!..........
#.............
#.............
##.............
##.....g..)...##
#...........###
###......@g.$##
#####............#
.................#
.................#
..........####...#
###..<.### ##..#
###### ..# ##


You could see 2 gnolls.

Vanquished Creatures
  2 orc priests (D:3)
  6 adders
  A gnoll (D:4)
  2 river rats (D:3)
  3 worms
  2 leopard geckos
  9 orcs
  5 ball pythons
  5 giant cockroaches
  12 goblins
  6 hobgoblins
  3 jackals (D:1)
  2 quokkas
  6 bats
  3 frilled lizards
  10 kobolds
  7 rats
84 creatures vanquished.

Notes
Turn   | Place    | Note
-------+----------+-------------------------------------------
     0 | D:1      | IBeShadow the Demonspawn Gladiator began the quest for the
                  | Orb.
     0 | D:1      | Reached XP level 1. HP: 16/16 MP: 1/1
   454 | D:1      | Gained mutation: You are slightly more attuned to the
                  | shadows. [demonic ancestry]
   454 | D:1      | Reached XP level 2. HP: 22/22 MP: 2/2
   506 | D:1      | Found an iron altar of Okawaru.
   525 | D:1      | Became a worshipper of Warmaster Okawaru
  1124 | D:2      | Gained mutation: You have a pair of small horns on your
                  | head. [demonic ancestry]
  1124 | D:2      | Reached XP level 3. HP: 20/28 MP: 3/3
  1156 | D:2      | Reached skill level 1 in Slings
  1313 | D:2      | Found a faded altar of an unknown god.
  1329 | D:2      | Reached skill level 1 in Stealth
  1629 | D:2      | Reached XP level 4. HP: 30/34 MP: 4/4
  1643 | D:2      | Reached skill level 3 in Fighting
  1643 | D:2      | Reached skill level 1 in Invocations
  2279 | D:3      | Reached XP level 5. HP: 24/41 MP: 6/6
  3361 | D:4      | Reached skill level 4 in Fighting
  3370 | D:4      | HP: 2/42 [gnoll/+0 halberd (9)]
  3372 | D:4      | Mangled by a gnoll

Skill      XL: |  1  2  3  4  5 |
---------------+----------------+-----
Short Blades   | 3 |  3.8
Slings         | 1 |  1.0
Stealth        | 1 2 |  2.1
Fighting       | 3 4 |  4.0
Invocations    | 1 2 |  2.4
Throwing       | |  1.7
Dodging        | |  2.6

Action                   |  1- 3 |  4- 6 || total
-------------------------+-------+-------++-------
Melee: Dagger            |   110 |   124 ||   234
       Rapier            |     7 |       ||     7
       Headbutt          |     4 |    18 ||    22
 Stab: Sleeping          |     6 |     8 ||    14
  Eat: Chunk             |     2 |     6 ||     8
Armor: Leather armour    |    30 |    34 ||    64
Dodge: Dodged            |    54 |    66 ||   120
